 Dungeon Sprint DCSS version 0.19.1 (webtiles) character file.

1105 dvd the Basher (level 8, -10/90 HPs)
             Began as a Gargoyle Berserker on Dec 22, 2016.
             Was a Priest of Trog.
             Mangled by Sonja
             ... wielding a +0 dagger of distortion
              (21 damage)
             ... in the Dungeon (Sprint I: "Red Sonja").
             The game lasted 00:02:29 (679 turns).

dvd the Basher (Gargoyle Berserker)                  Turns: 679, Time: 00:02:29

Health: -10/90     AC: 16    Str: 26    XL:     8   Next: 32%
Magic:  8/8        EV: 13    Int: 11    God:    Trog [***...]
Gold:   204        SH:  0    Dex: 11    Spells: 0 memorised, 7 levels left

rFire  . . .     SeeInvis .     a - +0 mace
rCold  . . .     Gourm    .     k - +0 scale mail (curse)
rNeg   + . .     Faith    .     (no shield)
rPois  ∞         Spirit   .     j - +2 helmet {Int+3}
rElec  +         Reflect  .     (no cloak)
rCorr  .         Harm     .     (no gloves)
MR     .....     NoTele   +     (no boots)
Stlth  ..........               (no amulet)
                                (no ring)
                                (no ring)

@: berserking, very quick
A: negative energy resistance 1, electricity resistance, unbreathing,
petrification resistance, rot immunity, AC +5
a: Berserk, Trog's Hand, Burn Spellbooks, Renounce Religion


You were in the Dungeon.
You worshipped Trog.
Trog was most pleased with you.
You were not hungry.

You visited 1 branch You collected 445 gold pieces.
You spent 241 gold pieces at shops.

Inventory:

Hand Weapons
 a - a +0 mace (weapon)
Armour
 b - a +0 animal skin
 j - a +2 helmet of intelligence (worn)
 k - a cursed +0 scale mail (worn)
Scrolls
 i - a scroll of blinking
Potions
 d - a potion of curing
 e - a potion of heal wounds
 f - a potion of haste
 g - 2 potions of magic
Comestibles
 c - a bread ration


   Skills:
 + Level 11.3 Fighting
 + Level 12.0 Maces & Flails
 + Level 6.8 Armour
 + Level 5.7 Dodging


You had 7 spell levels left.
You didn't know any spells.

Dungeon Overview and Level Annotations

Branches:
Dungeon (1/1)

Altars:
Cheibriados
Dithmenos
Elyvilon
Fedhas
Gozag
Hepliaklqana
Kikubaaqudgha
Makhleb
Nemelex Xobeh
Okawaru
Qazlal
Ru
Sif Muna
Trog
Uskayaw
Vehumet
Xom
Yredelemnul
Zin
The Shining One
Jiyva
Lugonu

Shops:
D [

Annotations:
D Sonja


Innate Abilities, Weirdness & Mutations

You are resistant to torment.
Your stone body is resilient. (AC +5)
You are immune to poison.
You resist negative energy. (rN+)
You are resistant to electric shocks. (rElec)
You can survive without breathing.
You are immune to petrification.
You are immune to rotting.


Message History

Space bends around you. Sonja hits you but does no damage.
Space warps horribly around you!
* * * LOW HITPOINT WARNING * * *
You thump the deep troll!
You kill the deep troll!
Trog accepts your kill.
Your Fighting skill increases to level 11!
Your Maces & Flails skill gained 2 levels and is now at level 12!
Your Armour skill increases to level 6!
Your Dodging skill increases to level 5!
You have reached level 8!
You feel stronger.
You completely miss Sonja. Sonja hits you but does no damage. x3
Space warps horribly around you!
* * * LOW HITPOINT WARNING * * *
Unknown command.
You sock Sonja!
Sonja is heavily wounded.
Sonja hits you but does no damage. Space warps horribly around you!
You die...

#..#####'#####'#__####
#..####..#...#.####
#..#__####..##.#
#..#_____##K#..+
#⌠⌠#_.∩...'.(._#
####_..__##_.#'#
#_____###'#.#
#########(####+###
+$.K@$$.$$+
#$.(####### ##.## #+#


You could see Sonja.

Vanquished Creatures
  A deep troll (D)
  A slime creature (D)
  Sigmund (D)
  A yak (D)
  An ogre (D)
  A jelly (D)
  Ijyb (D)
7 creatures vanquished.

Notes
Turn   | Place    | Note
-------+----------+-------------------------------------------
     0 | D        | dvd the Gargoyle Berserker began the quest for the Orb.
     0 | D        | Reached XP level 1. HP: 14/14 MP: 1/1
     1 | D        | Noticed Ijyb
     9 | D        | Killed Ijyb
     9 | D        | Reached skill level 5 in Fighting
     9 | D        | Reached skill level 4 in Maces & Flails
     9 | D        | Reached XP level 2. HP: 17/21 MP: 2/2
     9 | D        | Reached XP level 3. HP: 21/26 MP: 3/3
    72 | D        | Noticed an ogre
    76 | D        | Killed an ogre
    76 | D        | Reached skill level 6 in Maces & Flails
    76 | D        | Reached XP level 4. HP: 32/32 MP: 4/4
   123 | D        | Noticed Sigmund
   136 | D        | Killed Sigmund
   136 | D        | Reached ** piety under Trog
   136 | D        | Reached skill level 8 in Maces & Flails
   136 | D        | Reached XP level 5. HP: 20/40 MP: 5/5
   136 | D        | Reached XP level 6. HP: 22/45 MP: 6/6
   333 | D        | Found a deep blue altar of Sif Muna.
   335 | D        | Found a radiant altar of Vehumet.
   404 | D        | Found Celeuw's Antique Armour Emporium.
   404 | D        | Found an ancient bone altar of Kikubaaqudgha.
   404 | D        | Found a hazy altar of Hepliaklqana.
   404 | D        | Found a stormy altar of Qazlal.
   404 | D        | Found a hide-covered altar of Uskayaw.
   404 | D        | Found a blossoming altar of Fedhas.
   404 | D        | Found a bloodstained altar of Trog.
   404 | D        | Found an iron altar of Okawaru.
   404 | D        | Found a basalt altar of Yredelemnul.
   404 | D        | Found a glowing golden altar of the Shining One.
   404 | D        | Found a snail-covered altar of Cheibriados.
   404 | D        | Found a sacrificial altar of Ru.
   404 | D        | Found a glowing silver altar of Zin.
   404 | D        | Found a shadowy altar of Dithmenos.
   404 | D        | Found a white marble altar of Elyvilon.
   404 | D        | Noticed a yak
   420 | D        | Killed a yak
   420 | D        | Reached skill level 9 in Maces & Flails
   420 | D        | Reached skill level 5 in Armour
   421 | D        | Found an opulent altar of Gozag.
   422 | D        | Found a sparkling altar of Nemelex Xobeh.
   427 | D        | Bought a runed helmet for 241 gold pieces
   585 | D        | Found a burning altar of Makhleb.
   585 | D        | Found a viscous altar of Jiyva.
   585 | D        | Found a shimmering altar of Xom.
   585 | D        | Found a corrupted altar of Lugonu.
   585 | D        | Noticed a slime creature
   593 | D        | Killed a slime creature
   593 | D        | Reached *** piety under Trog
   593 | D        | Reached skill level 10 in Fighting
   593 | D        | Reached skill level 10 in Maces & Flails
   593 | D        | Reached XP level 7. HP: 53/53 MP: 7/7
   664 | D        | Noticed Sonja
   670 | D        | Noticed a deep troll
   677 | D        | Killed a deep troll
   677 | D        | Reached skill level 12 in Maces & Flails
   677 | D        | Reached skill level 5 in Dodging
   677 | D        | Reached XP level 8. HP: 21/60 MP: 8/8
   679 | D        | Mangled by Sonja

Skill      XL: |  1  2  3  4  5  6  7 |
---------------+----------------------+-----
Fighting       | 5 6 8 10 11 | 11.3
Maces & Flails | 4 6 8 10 12 | 12.0
Dodging        | 2 3 4 5 |  5.7
Armour         | 3 4 5 6 |  6.8

Action                   |  1- 3 |  4- 6 |  7- 9 || total
-------------------------+-------+-------+-------++-------
Melee: Mace              |    10 |    36 |     7 ||    53
Invok: Berserk           |     1 |     2 |     1 ||     4
  Use: Potion            |       |     1 |       ||     1
  Eat: Bread ration      |       |     1 |       ||     1
Armor: Animal skin       |     2 |     2 |       ||     4
       Scale mail        |       |     3 |     8 ||    11
Dodge: Dodged            |     5 |    11 |     4 ||    20
